 Dungeon Crawl Stone Soup version 0.29.1-1-gd02db69 (webtiles) character file.

Game seed: 6760181166073177739

1011 Kel the Trooper (level 8, 0/70 (78) HPs)
             Began as a Gargoyle Fighter on Nov 23, 2022.
             Slain by a troll (3 damage)
             ... on level 6 of the Dungeon.
             The game lasted 00:07:44 (4891 turns).

Kel the Trooper (Gargoyle Fighter)                  Turns: 4891, Time: 00:07:44

HP:   0/70 (78)     AC: 24    Str: 20    XL:     8   Next: 21%
MP:   2/2           EV:  2    Int:  9    God:
Gold: 304           SH:  4    Dex: 11    Spells: 7/7 levels left

rFire   . . .      SeeInvis .   j - +1 hand axe (antimagic)
rCold   . . .      Faith    .   c - +0 buckler
rNeg    + + .      Spirit   .   (body armour currently unavailable)
rPois   ∞          Reflect  .   (helmet currently unavailable)
rElec   .          Harm     .   (cloak currently unavailable)
rCorr   .          Rampage  .   (gloves currently unavailable)
Will    .....      NoTele   +   (boots currently unavailable)
Stlth   +.........              (no amulet)
HPRegen 0.21/turn               w - ring of positive energy
MPRegen 0.08/turn               z - ring of flight

@: tree-form, drained
A: stationary, stasis, torment immunity, boosted hp, sickness immunity, AC +5,
negative energy resistance 1, (electricity resistance), torment resistance 1,
petrification resistance
a: no special abilities


You were on level 6 of the Dungeon.
You were a tree.
You visited 1 branch of the dungeon, and saw 6 of its levels.

You collected 304 gold pieces.

Inventory:

Hand Weapons
 j - a +1 antimagic hand axe (weapon)
Armour
 c - a +0 buckler (worn)
 i - a +0 pair of gloves (melded)
 k - a +0 helmet (melded)
 r - a +0 plate armour (melded)
 x - a scarf of invisibility (melded)
Jewellery
 w - a ring of positive energy (left branch)
 z - a ring of flight (right branch)
 C - a ring of protection from cold
Scrolls
 a - a scroll of acquirement {unknown}
 b - 3 scrolls of identify {unknown}
 e - 2 scrolls of amnesia {unknown}
 g - 2 scrolls of teleportation {unknown}
 h - 2 scrolls of poison {unknown}
 l - a scroll of vulnerability {unknown}
 t - 2 scrolls of fear {unknown}
 v - a scroll of noise {unknown}
 y - a scroll of enchant armour {unknown}
 A - a scroll of enchant weapon {unknown}
 B - a scroll of silence {unknown}
Potions
 d - a potion of flight {unknown}
 f - 3 potions of lignification
 m - 2 potions of heal wounds {unknown}
 n - 3 potions of curing {unknown}
 o - a potion of haste {unknown}
 p - 2 potions of mutation {unknown}
 q - a potion of degeneration {unknown}
 s - a potion of resistance {unknown}
 u - 2 potions of cancellation {unknown}


   Skills:
 + Level 6.7 Fighting
 + Level 5.1 Axes
 + Level 6.7 Armour
 - Level 3.4 Shields


You had 7 spell levels left.
You didn't know any spells.
Your spell library contained the following spells:

 Spells                   Type           Power      Damage    Failure   Level
 Petrify                  Tmut/Erth      0%         N/A       99%         4
 Irradiate                Conj/Tmut      0%         3d11      100%        5
 Sublimation of Blood     Necr           Unusable   N/A       N/A         2

Dungeon Overview and Level Annotations

Branches:
Dungeon (6/15)             Temple (0/1) D:6

Altars:


Innate Abilities, Weirdness & Mutations

You are a tree.
Your roots penetrate the ground, keeping you stationary.
You cannot be teleported.
You are immune to unholy pain and torment.
Your maximum health is greatly increased.
Your equipment is partially melded.
You are immune to sickness and miasma.
((Your stone body is resilient. (AC +5)))
You are immune to poison.
You resist negative energy. (rN+)
((You are resistant to electric shocks. (rElec)))
You are resistant to unholy torment.
You are immune to petrification.


Message History

The troll attacks as you move away! The troll bites you but does no damage.
The troll claws you but does no damage. x2
The troll attacks as you move away! The troll bites you.
* * * LOW HITPOINT WARNING * * *
The troll claws you but does no damage. x2
You feel drained.
You fail to use your ability.
The troll bites you but does no damage. The troll claws you but does no damage.
You block the troll's attack.
It was a potion of lignification.
You turn into a tree.
Your scarf of invisibility melds into your body.
Your +0 helmet melds into your body.
Your +0 pair of gloves melds into your body.
Your +0 plate armour melds into your body.
Your roots penetrate the ground.
The troll bites you but does no damage.
The troll claws you but does no damage. x2
You hit the troll.
The troll is moderately wounded.
The troll bites you but does no damage. The troll claws you!
* * * LOW HITPOINT WARNING * * *
You block the troll's attack.
You hit the troll but do no damage.
The troll is moderately wounded.
The troll barely misses you.
The troll claws you but does no damage. x2
You barely miss the troll.
The troll is lightly wounded.
The troll bites you.
* * * LOW HITPOINT WARNING * * *
The troll claws you.
* * * LOW HITPOINT WARNING * * *
The troll claws you but does no damage.
You hit the troll.
The troll is moderately wounded.
The troll bites you but does no damage.
The troll claws you but does no damage. x2
You hit the troll.
The troll is moderately wounded.
You block the troll's attack.
The troll claws you but does no damage. x2
You closely miss the troll.
The troll is moderately wounded.
The troll bites you but does no damage. The troll claws you.
You die...

#.... #### #...
##.###<.#######.#########
........................#
....##.#####............#
... ...# ###.#..........#
....#### ....####.#......
... ............##### ..
...#######♣.### . ..
...####T## . #......## ##
######..)# ..
....###.)#.# #.......#
#####..## #.....#
#.....#...>.


You could see a troll.

Vanquished Creatures
  An ogre (D:5)
  2 centaurs (D:6)
  2 phantoms (D:5)
  A bullfrog (D:6)
  A necrophage (D:5)
  2 scorpions (D:5)
  4 hounds
  An iguana (D:5)
  8 adders
  4 gnolls (D:5)
  2 ufetubi (D:5)
  A worm (D:3)
  A dart slug (D:5)
  14 orcs
  4 endoplasms
  A giant cockroach (D:1)
  14 goblins
  7 hobgoblins
  6 jackals
  5 quokkas
  4 ball pythons
  4 bats
  6 frilled lizards
  6 kobolds
  7 rats
108 creatures vanquished.

Vanquished Creatures (others)
  7 plants (D:1)
7 creatures vanquished.

Grand Total: 115 creatures vanquished

Notes
Turn   | Place    | Note
-------+----------+-------------------------------------------
     0 | D:1      | Kel the Gargoyle Fighter began the quest for the Orb.
     0 | D:1      | Reached XP level 1. HP: 14/14 MP: 1/1
   586 | D:1      | Reached XP level 2. HP: 19/19 MP: 0/2
   942 | D:1      | Reached XP level 3. HP: 20/24 MP: 1/3
  1479 | D:2      | Reached XP level 4. HP: 20/29 MP: 1/4
  2862 | D:3      | Reached XP level 5. HP: 34/34 MP: 1/5
  3460 | D:5      | Entered Level 5 of the Dungeon
  3460 | D:5      | Noticed a phantom
  3474 | D:5      | Killed a phantom
  3475 | D:5      | Reached skill level 5 in Fighting
  3475 | D:5      | Reached skill level 5 in Armour
  3475 | D:5      | Reached XP level 6. HP: 40/40 MP: 2/6
  3760 | D:5      | Reached XP level 7. HP: 42/44 MP: 2/7
  4697 | D:6      | Reached XP level 8. HP: 30/52 MP: 2/8
  4705 | D:6      | Reached skill level 5 in Axes
  4866 | D:6      | Noticed a troll
  4869 | D:6      | Found a staircase to the Ecumenical Temple.
  4888 | D:6      | HP: 3/70 [troll (6)]
  4891 | D:6      | Slain by a troll

Illustrated notes

Levels and vault maps discovered:
D:1:      nicolae_arrival_somewhat_less_tricky_arrival, layout_basic,
          serial_bayou_pond_c
D:2:      layout_loops_ring, chequers_decorated_corner
D:3:      layout_basic
D:4:      layout_basic
D:5:      layout_loops_corners, minmay_circle_x
D:6:      layout_rooms, gammafunk_temple_overflow_pools,
          mainiacjoe_overflow_24_doors, minmay_temple_entry_wispy,
          ebering_ghost_xom, serial_shops, nicolae_shop_advertising_works
          [nicolae_subvault_shop_adworks], chequers_serial_rivers_large_b

Skill      XL: |  1  2  3  4  5  6  7  8 |
---------------+-------------------------+-----
Axes           | 2 3 4 5 |  5.1
Fighting       | 4 5 6 |  6.7
Armour         | 4 5 6 |  6.7
Shields        | |  3.4

Action                   |  1- 3 |  4- 6 |  7- 9 || total
-------------------------+-------+-------+-------++-------
Melee: War axe           |    38 |       |       ||    38
       Hand axe          |   100 |   176 |   116 ||   392
  Use: Potion            |       |       |     2 ||     2
Armor: Scale mail        |    96 |     4 |       ||   100
       Plate armour      |       |   164 |   166 ||   330
       Skin              |       |       |    13 ||    13
Dodge: Dodged            |    61 |    51 |    52 ||   164
Block: Buckler           |    23 |    48 |    52 ||   123
